[Event "Late-Titled-Tuesday-Blitz-January-30-2024"]
[Site "Chess.com"]
[Date "2024.01.30"]
[Round "9"]
[White "RodokininEV"]
[Black "emeli_chess"]
[Result "1-0"]
[WhiteElo "2640"]
[BlackElo "2469"]
[TimeControl "180+1"]
[EndTime "15:44:49 PST"]
[Termination "RodokininEV won by resignation"]

1. e4 e5 2. Nf3 Nc6 3. Bb5 a6 4. Ba4 Nf6 5. O-O Nxe4 6. Re1 Nc5 7. Nxe5 Nxe5 8. Rxe5+ Be7 9. Bb3 Nxb3 10. axb3 O-O 11. d4 d6 12. Re1 d5 13. c4 c6 14. Nc3 Bd6 15. Qh5 g6 16. Qh6 dxc4 17.
bxc4 Qf6 18. Bg5 Qg7 19. Qh4 Be6 20. Ne4 f6 21. Bh6 Qe7 22. Bxf8 Rxf8 23. Rad1 Bxc4 24. Re3 Bd5 25. Rde1 Bb4 26. Nc3 Qf7 27. h3 b5 28.
Rc1 Bxc3 29. Rcxc3 a5 30. Rg3 Re8 31. Rce3 Rxe3 32.
Rxe3 Kg7 33. Qf4 Qd7 34. h4 a4 35. h5 g5 36. Qb8 Kh6 37. Qf8+ Qg7 38. Qxg7+ Kxg7 39. Re7+ Kh6 40. g4 Bf3 41. Rf7 Bxg4 42. Rxf6+ Kxh5 43. Rxc6 Be2 44. d5 Bf3 45. Rc5 b4 46. d6 Bg4 47. Rc7 a3 48. bxa3 bxa3 49. Ra7 Bd7 50. Rxd7 Kg4 51. Ra7 1-0

[Event "Late-Titled-Tuesday-Blitz-January-30-2024"]
[Site "Chess.com"]
[Date "2024.01.30"]
[Round "9"]
[White "StellarChess"]
[Black "Brahianzevich"]
[Result "0-1"]
[WhiteElo "2540"]
[BlackElo "2431"]
[TimeControl "180+1"]
[EndTime "15:44:50 PST"]
[Termination "Brahianzevich won by resignation"]

1. d4 d5 2. Nc3 Nf6 3. Bf4 e6 4. e3 Bd6 5. Nge2 O-O 6. Qd2 c6 7. h4 Re8 8. h5 Bxf4 9. Nxf4 e5 10. dxe5 Rxe5 11. h6 g6 12. O-O-O Bf5 13. f3 Qe7 14. g4 Bc8 15. e4 dxe4 16. g5 e3 17. Qd4 Ne8 18. Ne4 Nd7 19. Bh3 Nb6 20. Nf6+ Nxf6 21.
gxf6 Qe8 22. Qxe5 Bxh3 23. Qxe8+ Rxe8 24. Nxh3 Nd5 25. Rhe1 Nxf6 26. Rd3 Nd5 27. a3 b5 28. Kd1 f5 29. Rxd5 cxd5 30. Ke2 d4 31.
Kd3 Rc8 32. Nf4 Kf7 33. Ne2 g5 34. Nxd4 Kg6 35. Kxe3 f4+ 36. Kd3 Kxh6 37. Re6+ Kh5 38. Nf5 g4 39. Ke4 Rc4+ 40. Kd3 g3 41. Nd4 g2 42. Re1 Kh4 43. c3 Kg3 44. Ke2 Rc5 45. Kd2 h5 46. Ne2+ Kf2 47. Rb1 Rd5+ 48. Nd4 h4 49. Kd3 h3 50. Ke4 Rxd4+ 51. cxd4 h2 52. d5 g1=Q 53. Rxg1 hxg1=Q 54. d6 Qd1 0-1

[Event "Late-Titled-Tuesday-Blitz-January-30-2024"]
[Site "Chess.com"]
[Date "2024.01.30"]
[Round "9"]
[White "MrTattaglia"]
[Black "Genghis_K"]
[Result "1-0"]
[WhiteElo "2966"]
[BlackElo "2843"]
[TimeControl "180+1"]
[EndTime "15:44:51 PST"]
[Termination "MrTattaglia won by checkmate"]

1. c4 e5 2. Nc3 Bb4 3. Nf3 Bxc3 4. dxc3 d6 5. c5 e4 6. Qa4+ Kf8 7. Qxe4 dxc5 8. Be3 Nd7 9. O-O-O Qe7 10. Qf4 Nb6 11. Qe5 f6 12. Qxc5 Be6 13. b3 Kf7 14. h3 a5 15. Kb2 a4 16. Qxe7+ Nxe7 17. Bxb6 cxb6 18.
e4 Rhc8 19. Nd4 axb3 20. axb3 Nc6 21. Nb5 Ke7 22. Be2 Ra5 23. Ra1 Rd8 24. Rxa5 Rd2+ 25.
Kc1 Rxe2 26. Ra3 Rxf2 27. g4 Ne5 28. Rd1 Bd7 29. Nd4 Rh2 30. Ra7 Bc8 31. Nf5+ Ke6 32. Ra8 Bd7 33. Rf8 Ng6 34. Rd8 Bc6 35. Nxg7+ Ke5 36.
Nh5 Rxh3 37. Kb2 Rh2+ 38. Ka3 Kxe4 39. Nxf6+ Kf4 40. Nd5+ Kxg4 41. Nxb6 Nf4 42. R8d4 Rf2 43. Nc4 h5 44. Ne5+ Kg3 45. Rg1+ Ng2 46. Rd3+ Kh2 47.
Rgd1 h4 48. Ng4# 1-0

[Event "Late-Titled-Tuesday-Blitz-January-30-2024"]
[Site "Chess.com"]
[Date "2024.01.30"]
[Round "9"]
[White "GMWSO"]
[Black "SpeedofLight0"]
[Result "0-1"]
[WhiteElo "3085"]
[BlackElo "3038"]
[TimeControl "180+1"]
[EndTime "15:44:52 PST"]
[Termination "SpeedofLight0 won on time"]

1. e4 c5 2. Nf3 Nc6 3. Bb5 e6 4. Bxc6 bxc6 5. Qe2 Ne7 6. d3 Ng6 7. h4 h5 8. e5 f6 9. Nbd2 Qc7 10. Nc4 Ba6 11. Qe4 Kf7 12. Bf4 Qb7 13. O-O-O Be7 14. exf6 gxf6 15. Nd6+ Bxd6 16. Bxd6 Qb4 17. c4 Rab8 18.
Rd2 Qa5 19. Kb1 Rbg8 20. Rh3 Ne7 21. Bxe7 Kxe7 22. Rg3 Rxg3 23. fxg3 Qd8 24. Qe3 d6 25. d4 Bxc4 26. dxc5 Bd5 27. Nd4 Kf7 28. cxd6 Qxd6 29. Ne2 Qc7 30. Nf4 Qb6 31. Qd3 f5 32. Qc3 Qg1+ 33.
Kc2 Be4+ 34. Kb3 Qb6+ 35. Qb4 e5 36. Rd7+ Kf6 37. Rd6+ Kf7 38. Rd7+ Kf6 39. Rd6+ Kf7 40. Nh3 Bd5+ 41. Ka3 Qa6+ 42. Qa4 Qxa4+ 43. Kxa4 Ke7 44. Rg6 Bxg2 45. Ng5 Bd5 46. Kb4 f4 47. gxf4 exf4 48. Kc3 f3 49. Kd2 f2 0-1

[Event "Late-Titled-Tuesday-Blitz-January-30-2024"]
[Site "Chess.com"]
[Date "2024.01.30"]
[Round "9"]
[White "kai_nov"]
[Black "toninhojit"]
[Result "1-0"]
[WhiteElo "2337"]
[BlackElo "2507"]
[TimeControl "180+1"]
[EndTime "15:44:52 PST"]
[Termination "kai_nov won by checkmate"]

1. d4 Nf6 2. c4 e6 3. Nc3 c5 4. d5 exd5 5. cxd5 d6 6. e4 g6 7. f3 Bg7 8. Bg5 O-O 9. Qd2 a6 10.
a4 Qa5 11. Ra3 Nbd7 12. Nh3 Qb4 13. Nf2 Ne5 14. a5 Bd7 15. Nd3 Nxd3+ 16. Bxd3 Rfe8 17. O-O h6 18. Be3 Nh5 19. g4 Nf6 20. h3 h5 21. Qc2 hxg4 22. Na2 Rac8 23. Qb1 Nxd5 24. Nxb4 cxb4 25. Rb3 Nxe3 26. Re1 Bd4 27. Kh2 gxf3 28. Bf1 Nxf1+ 29. Rxf1 Bc5 30. Rbxf3 Be6 31. Qd1 Rcd8 32.
Qd3 Kg7 33. b3 Kg8 34. Rf6 Kg7 35. Qf3 Rh8 36. Rxf7+ Kh6 37. Qf4+ Kh5 38. Rf6 Bd4 39. Rxe6 Be5 40. Rxe5+ dxe5 41. Qxe5+ Kh6 42. Qf4+ Kh7 43. Qf7+ Kh6 44. Rf4 g5 45. Rf6# 1-0

[Event "Late-Titled-Tuesday-Blitz-January-30-2024"]
[Site "Chess.com"]
[Date "2024.01.30"]
[Round "9"]
[White "el008"]
[Black "GaiozNigalidze"]
[Result "1-0"]
[WhiteElo "2535"]
[BlackElo "2691"]
[TimeControl "180+1"]
[EndTime "15:44:53 PST"]
[Termination "el008 won by checkmate"]

1. Nf3 Nf6 2. b3 g6 3. Bb2 Bg7 4. g3 O-O 5. c4 d6 6. d4 Nbd7 7. d5 a5 8. a3 c6 9. Bg2 Qc7 10. O-O Nc5 11. Nc3 e5 12. dxe6 Bxe6 13. Nd4 Bd7 14.
e4 Rfe8 15. Re1 Ng4 16. h3 Ne5 17. Bf1 Qb6 18. Na2 a4 19. b4 Nb3 20. Nxb3 axb3 21.
Qxb3 Nf3+ 22. Qxf3 Bxb2 23. Rab1 Rxa3 24. Qe2 Rxg3+ 25. Kh2 Rxe4 26. Qxb2 Rf3 27. c5 Qc7 28. Rxe4 d5+ 29. Qe5 Qd8 30. Rf4 Ra3 31. Rb2 Be6 32.
Bg2 Qa8 33. Nc1 Ra1 34. Ne2 Re1 35. Qc3 Rd1 36. Qc2 Re1 37. Ng3 d4 38. Qd2 Ra1 39.
Qxd4 Qb8 40. Rd2 h5 41. Qd8+ Qxd8 42. Rxd8+ Kg7 43. Ne4 Rb1 44. Nd6 g5 45. Rd4 g4 46.
hxg4 hxg4 47. Nxb7 Kf6 48. Bxc6 Ke5 49. Bg2 f5 50.
Na5 f4 51. Nc6+ Kf5 52. Rf8+ Kg5 53. Rdxf4 Rb3 54. Nd8 Bd5 55. Bxd5 g3+ 56. fxg3 Rb2+ 57. Kh3 Rb1 58. Rg8+ Kh5 59. Rh4# 1-0

[Event "Late-Titled-Tuesday-Blitz-January-30-2024"]
[Site "Chess.com"]
[Date "2024.01.30"]
[Round "9"]
[White "Gryffindorac8"]
[Black "DraningWaterHi"]
[Result "0-1"]
[WhiteElo "2367"]
[BlackElo "2136"]
[TimeControl "180+1"]
[EndTime "15:44:53 PST"]
[Termination "DraningWaterHi won by checkmate"]

1. d4 Nf6 2. c4 g6 3. Nc3 Bg7 4. e4 d6 5. Nf3 O-O 6. h3 e5 7. d5 a5 8. Be3 Na6 9. g4 Nc5 10. Nd2 h5 11. Be2 Kh7 12. gxh5 b6 13. hxg6+ fxg6 14. Qc2 Nh5 15. Bxh5 gxh5 16. O-O-O Bh6 17.
Bxh6 Kxh6 18. Nb3 Qg5+ 19. Kb1 Qf4 20. Nxc5 bxc5 21. Rdg1 Bd7 22. Ne2 Qf3 23. Rg3 Qxh1+ 24. Ng1 Rf4 25. Qe2 Raf8 26. f3 h4 27. Rg2 Bxh3 28.
Rh2 Qxg1+ 29. Kc2 Bf1 30. Qd2 Bxc4 31. Rxh4+ Kg5 32. Rg4+ Qxg4 33. fxg4 Bxa2 34. Qxa5 Bc4 35. Kc3 Bf1 36. Qxc7 Rf3+ 37. Kc2 Rf2+ 38. Kb3 c4+ 39. Ka4 R8f6 40. Qe7 Kxg4 41. Qg7+ Kh3 42. Qh6+ Kg3 43. Qg5+ Kh2 44. Qh4+ Kg1 45. Qg5+ Bg2 46. Qc1+ Kh2 47. Qg5 R6f3 48. Qh4+ Bh3 49. Qe7 Rxb2 50. Qxd6 c3 51. Qxe5+ Kh1 52. Qd4 Ra2+ 53. Kb3 Rb2+ 54. Ka4 Re2 55. Qd1+ Bf1 56. Qc1 c2 57. Kb4 Kg1 58. d6 Rxe4+ 59. Kc5 Rc4+ 60. Kb6 Rd4 61. Qg5+ Bg2 62. Qc5 Rd3 63. d7 Kf1 64. Kc7 Rxd7+ 65. Kc8 Rd2 66. Qf5+ Ke1 67. Qe5+ Kd1 68. Qh5+ Re2 69.
Qc5 c1=Q 70. Kb8 Rd8+ 71. Kc7 Qxc5+ 72. Kxd8 Qd6+ 73. Kc8 Re8# 0-1

[Event "Late-Titled-Tuesday-Blitz-January-30-2024"]
[Site "Chess.com"]
[Date "2024.01.30"]
[Round "9"]
[White "annacramling"]
[Black "Bkmzzzzz"]
[Result "1-0"]
[WhiteElo "2124"]
[BlackElo "2319"]
[TimeControl "180+1"]
[EndTime "15:44:54 PST"]
[Termination "annacramling won by checkmate"]

1. d4 d5 2. c4 dxc4 3. e3 Nf6 4. Bxc4 e6 5. Nf3 c5 6. O-O a6 7. a4 Nc6 8. Nc3 Be7 9. d5 exd5 10. Nxd5 Nxd5 11.
Bxd5 Nb4 12. Bb3 O-O 13. e4 Bg4 14. Be3 Rc8 15. Rc1 Qb6 16. h3 Rfd8 17. Bxf7+ Kxf7 18. Ne5+ Kg8 19. Qxg4 Rc7 20. Rcd1 Qf6 21. Bg5 Qxe5 22.
Bf4 Qxe4 23. Bxc7 Qxg4 24. hxg4 Rc8 25. Rd7 Bf6 26. b3 Nc6 27. Bd6 Nd4 28. Rxb7 h6 29. Rb1 c4 30. bxc4 Rxc4 31. R7b4 Rc6 32. Bg3 Ne2+ 33.
Kh2 Nxg3 34. Kxg3 a5 35. Re4 Bc3 36. Rb5 Kh7 37. g5 Bb4 38. gxh6 Kxh6 39. Rh4+ Kg6 40.
Rg4+ Kh7 41. Rb7 Bc3 42. Rg5 Kh6 43. Rgb5 Bb4 44. R7b6 Rxb6 45. Rxb6+ g6 46. Kf4 Kh5 47. g4+ Kh6 48. f3 Kh7 49. Rb7+ Kh6 50. g5+ Kh5 51. Rh7# 1-0

[Event "Late-Titled-Tuesday-Blitz-January-30-2024"]
[Site "Chess.com"]
[Date "2024.01.30"]
[Round "9"]
[White "jefferyx"]
[Black "rquery98"]
[Result "1-0"]
[WhiteElo "3006"]
[BlackElo "2734"]
[TimeControl "180+1"]
[EndTime "15:44:57 PST"]
[Termination "jefferyx won by resignation"]

1. d4 d5 2. c4 e6 3. Nf3 Nf6 4. Nc3 a6 5. cxd5 exd5 6. Bg5 Be6 7. e3 Nbd7 8. Bd3 Bd6 9. O-O c6 10. Bf4 Qc7 11. Qd2 O-O 12. h3 Nh5 13. Bxd6 Qxd6 14.
b4 g6 15. Na4 b6 16. Rfc1 Rfc8 17. a3 Ng7 18. Ne5 Nxe5 19. dxe5 Qd8 20. f4 a5 21. Qb2 axb4 22. axb4 Bf5 23. Bf1 h5 24. Qd4 Rab8 25. Nc3 Ne6 26. Qd2 d4 27. exd4 Nxd4 28.
Qe3 Nc2 29. Rxc2 Bxc2 30. g4 hxg4 31. hxg4 Qh4 32. Be2 Kg7 33. e6 Rh8 34. Qe5+ Qf6 35. Qxf6+ Kxf6 36. Rc1 Bb3 37. exf7 Kxf7 38. Ne4 Bd5 39. Bf3 Kg7 40. Ng5 Bxf3 41. Nxf3 Rbc8 42. Ne5 c5 43. bxc5 bxc5 44. Kg2 Rhd8 45. Kf3 Rd4 46. Ra1 Rf8 47. Ra7+ Kg8 48. Nxg6 Rf6 49. Ne7+ Kf8 50. f5 Rf7 51. Ng6+ Kg7 52. Ra6 c4 53. Nf4 Rd1 54. Rc6 Rc1 55. Nh5+ Kf8 56. Kf4 c3 57. Kg5 Ke7 58. Kg6 Rf8 59. f6+ Kd7 60. Rc4 c2 61. g5 Ke6 62. Ng7+ Kd5 63. Rc7 Kd4 64. Ne6+ Kd3 65.
Nxf8 Rf1 66. Nh7 c1=Q 67. Rxc1 Rxc1 68. f7 Rf1 69. f8=Q Rxf8 70. Nxf8 1-0

[Event "Late-Titled-Tuesday-Blitz-January-30-2024"]
[Site "Chess.com"]
[Date "2024.01.30"]
[Round "9"]
[White "Nouali_Mohamed"]
[Black "JaackCamel"]
[Result "1-0"]
[WhiteElo "2461"]
[BlackElo "2154"]
[TimeControl "180+1"]
[EndTime "15:44:58 PST"]
[Termination "Nouali_Mohamed won on time"]

1. e4 e6 2. d4 d5 3. Nc3 Bb4 4.
Ne2 dxe4 5. a3 Be7 6. Nxe4 Nf6 7.
Nxf6+ Bxf6 8. Be3 b6 9. Qd2 Bb7 10. O-O-O Nc6 11. Nf4 O-O 12. Nh5 Be7 13. h4 Qe8 14.
Bh6 g6 15. Qf4 f5 16. Bc4 Nd8 17. Rh3 Rf7 18. Rg3 Kh8 19. Qe5+ Kg8 20. Bxe6 Nxe6 21. Qxe6 Kh8 22. Qe5+ Kg8 23. Re1 Be4 24. Nf4 Bxh4 25.
Rh3 Bf6 26. Qxe8+ Rxe8 27. f3 g5 28. fxe4 gxf4 29. e5 Bg7 30. Bxf4 Rd7 31. c3 c5 32.
dxc5 Rd5 33. cxb6 axb6 34. Rhe3 Re6 35. R1e2 Kf7 36. Kc2 Bf8 37. g3 Bc5 38. Rd3 Rxd3 39. Kxd3 Re8 40. Kc4 Ke6 41. b4 Be7 42. Kb5 Rc8 43.
c4 Ra8 44. a4 Rc8 45. Rh2 Rh8 46. Rh6+ Kf7 47. Kxb6 Rb8+ 48. Kc6 Bxb4 49. Rxh7+ Kg6 50. Rb7 Rc8+ 51. Kd5 Rc5+ 52. Kd4 Ba3 53. Rb3 1-0

[Event "Late-Titled-Tuesday-Blitz-January-30-2024"]
[Site "Chess.com"]
[Date "2024.01.30"]
[Round "9"]
[White "lachesisQ"]
[Black "Polish_fighter3000"]
[Result "0-1"]
[WhiteElo "3093"]
[BlackElo "3052"]
[TimeControl "180+1"]
[EndTime "15:44:59 PST"]
[Termination "Polish_fighter3000 won on time"]

1. e4 c5 2. Nf3 d6 3. d4 cxd4 4. Nxd4 Nf6 5. Nc3 a6 6. Bd3 g6 7. f3 Nc6 8. Be3 Nxd4 9. Bxd4 Bh6 10. O-O e5 11. Bf2 Be6 12. a4 Qa5 13. Kh1 O-O 14. Be1 Qc7 15. a5 Bg5 16. Bf2 Rac8 17. Na4 d5 18. Nc5 Rfe8 19. Nxe6 Rxe6 20. exd5 Nxd5 21. Bxg6 hxg6 22. Qxd5 Rd6 23. Qxe5 Bf6 24. Qf4 Bxb2 25. Rab1 Rd1 26. Qxc7 Rxf1+ 27. Rxf1 Rxc7 28. Bb6 Rxc2 29. h4 Bf6 30. g3 Be5 31. f4 Bc3 32. Rf3 f5 33. Rd3 Kh7 34. h5 gxh5 35. Rd7+ Kg6 36. Rd6+ Kf7 37. Rd7+ Kg6 38. Rxb7 Be1 39. Rb8 Kf7 40.
Rb7+ Ke6 41. Rg7 Ra2 42. Bd8 Kd5 43. Re7 Bc3 44. Kg1 Bd4+ 45. Kf1 Rf2+ 46. Ke1 Rg2 47. Rd7+ Ke4 48. Rd6 Kd3 0-1

[Event "Late-Titled-Tuesday-Blitz-January-30-2024"]
[Site "Chess.com"]
[Date "2024.01.30"]
[Round "9"]
[White "annasargsyan_m"]
[Black "DefiantChair"]
[Result "1-0"]
[WhiteElo "2545"]
[BlackElo "2615"]
[TimeControl "180+1"]
[EndTime "15:45:02 PST"]
[Termination "annasargsyan_m won by resignation"]

1. d4 Nf6 2. c4 e6 3. Nf3 d5 4. Nc3 Bb4 5. Bg5 dxc4 6. Bxf6 gxf6 7. e4 b5 8. a4 c6 9. Qd2 Bb7 10. Be2 a6 11. Qh6 c5 12. dxc5 Bxe4 13. O-O Bxc3 14. bxc3 Nd7 15. Rfd1 Qc7 16. axb5 axb5 17. Rxa8+ Bxa8 18. Nd4 Rg8 19. Qxh7 Rxg2+ 20. Kf1 Qxh2 21. Qxh2 Rxh2 22.
c6 Ne5 23. Kg1 Rh4 24. f4 Rxf4 25. c7 Bb7 26. Nxb5 Ke7 27. Nd6 Ba6 28. c8=Q Bxc8 29.
Nxc8+ Kf8 30. Nd6 f5 31. Nb5 Re4 32. Kf2 f4 33. Rd4 f5 34. Nd6 Rxd4 35. cxd4 Nc6 36.
Nb5 Na5 37. Nc3 Ke7 38. Kf3 Nc6 39. Nb5 c3 40. Bd1 Kf6 41. Kxf4 Nb4 42. Nxc3 Nd3+ 43. Ke3 Nb2 44. Be2 e5 45. d5 e4 46. Kd2 Ke5 47.
Kc2 Nd3 48. Bxd3 exd3+ 49. Kxd3 f4 50. Kc4 f3 51. Nd1 Kf5 52. d6 Ke6 53. Kc5 Kd7 54. Nf2 Kd8 55. Kd5 Kd7 56. Ke5 Kd8 57. Ke6 Ke8 58. d7+ Kd8 59. Nd1 1-0

[Event "Late-Titled-Tuesday-Blitz-January-30-2024"]
[Site "Chess.com"]
[Date "2024.01.30"]
[Round "9"]
[White "sansanathalia"]
[Black "ATM622"]
[Result "0-1"]
[WhiteElo "2389"]
[BlackElo "2454"]
[TimeControl "180+1"]
[EndTime "15:45:02 PST"]
[Termination "ATM622 won on time"]

1. e4 c6 2. d4 d5 3. exd5 cxd5 4.
c4 e6 5. c5 Nf6 6. Nc3 b6 7.
b4 a5 8. Na4 Nbd7 9. Bb5 bxc5 10. bxc5 Qc7 11. Nb6 Rb8 12. Ne2 Rxb6 13. cxb6 Bb4+ 14.
Bd2 Qxb6 15. Bxd7+ Bxd7 16. O-O O-O 17. Bxb4 axb4 18. Nf4 Bb5 19. Re1 Bc4 20. Re3 Ra8 21. Rg3 Ne4 22. Rh3 Nc3 23. Qc2 h6 24. a3 Qxd4 25.
Re1 Qxf4 26. Rf3 Qd4 27. axb4 Ne2+ 28. Kh1 Ra2 29. Qb1 Qb2 30. Qd1 Nd4 31. Rg3 Qxf2 32. b5 Bxb5 33. Qb1 Nc2 34. Rg1 Qxg1+ 35. Kxg1 Ra1 36.
Rb3 Rxb1+ 37. Rxb1 Bc4 38. Rb8+ Kh7 39. Kf2 Nd4 40. Ke3 Nf5+ 41. Kf4 f6 42. g4 g5+ 43.
Kf3 Nd4+ 44. Ke3 e5 45. Rb6 Kg6 46. Rd6 Nb5 47. Rd7 Nc3 48. Rd6 d4+ 49. Kf3 e4+ 50. Kf2 e3+ 51. Kf3 Bd5+ 52. Kg3 Ne4+ 0-1

[Event "Late-Titled-Tuesday-Blitz-January-30-2024"]
[Site "Chess.com"]
[Date "2024.01.30"]
[Round "9"]
[White "only_strong_moves"]
[Black "AradNazari"]
[Result "0-1"]
[WhiteElo "2552"]
[BlackElo "2715"]
[TimeControl "180+1"]
[EndTime "15:45:03 PST"]
[Termination "AradNazari won by checkmate"]

1. d4 Nf6 2. Nc3 d5 3. Bf4 c5 4. e4 Nxe4 5. Nxe4 dxe4 6. dxc5 Qa5+ 7. c3 Qxc5 8. Qa4+ Nc6 9. Qxe4 Bf5 10. Qa4 Bd7 11. Nf3 e6 12. Rd1 a6 13. Be3 Qa5 14. Qxa5 Nxa5 15. Ne5 Bb5 16. c4 Bb4+ 17. Bd2 Bxd2+ 18.
Rxd2 Ba4 19. b3 f6 20. Nd3 Bd7 21. Nc5 Bc8 22. g3 b6 23. Bg2 Ra7 24. Na4 b5 25. cxb5 axb5 26. Nc3 b4 27. Nb5 Rd7 28. Nd6+ Ke7 29. Ne4 Rxd2 30. Kxd2 Bb7 31. Rc1 f5 32. Rc7+ Kd8 33. Rc5 fxe4 34. Rxa5 e3+ 35. Kxe3 Bxg2 36.
f3 Ke7 37. Kf2 Bh1 38. Ra7+ Kf6 39. Rb7 Rc8 40. Rxb4 Rc2+ 41. Kg1 Rc1+ 42. Kf2 g5 43. a4 Rc2+ 44. Ke3 Rc3+ 45. Kd4 Rxf3 46. Rb8 e5+ 47. Kc4 e4 48. a5 e3 49. Kd3 Bg2 50. a6 Bf1+ 51.
Ke4 e2 52. Kxf3 e1=Q 53. a7 Qe2# 0-1

[Event "Late-Titled-Tuesday-Blitz-January-30-2024"]
[Site "Chess.com"]
[Date "2024.01.30"]
[Round "9"]
[White "tarno17"]
[Black "jup1978"]
[Result "1/2-1/2"]
[WhiteElo "2119"]
[BlackElo "2423"]
[TimeControl "180+1"]
[EndTime "15:45:04 PST"]
[Termination "Game drawn by 50-move rule"]

1. e4 c6 2. d4 d5 3. Nc3 dxe4 4. Nxe4 Nf6 5. Ng3 h5 6. h4 c5 7. Nf3 Bg4 8. Bb5+ Nbd7 9. O-O a6 10. Bxd7+ Qxd7 11. dxc5 Qxd1 12. Rxd1 e6 13. Bg5 Bxc5 14. Bxf6 gxf6 15. Ne4 Be7 16. Nd6+ Bxd6 17. Rxd6 Bxf3 18. gxf3 Ke7 19. Rb6 Rab8 20. Rd1 Rhc8 21. Rd2 Rc4 22. b3 Rxh4 23. c4 Rf4 24. Rd3 Rf5 25. b4 a5 26.
a3 axb4 27. Rxb4 Rc5 28. Rdb3 Kf8 29. Rxb7 Rxb7 30. Rxb7 Rxc4 31. Ra7 Kg7 32. Kg2 Kg6 33. a4 Rc3 34. a5 Ra3 35. a6 f5 36. f4 Kf6 37. Ra8 Ke7 38. f3 Kd7 39. Rf8 Ke7 40. Ra8 Kd7 41. Kg3 Kc7 42. Rf8 Rxa6 43. Rxf7+ Kd6 44.
Rh7 Ra1 45. Rxh5 Rg1+ 46. Kf2 Ra1 47. Rh8 Ra4 48. Kg3 Ke7 49. Rb8 Kf6 50. Rf8+ Ke7 51. Rb8 Kf7 52. Rb7+ Kf6 53. Rb6 Ra8 54. Rc6 Rg8+ 55.
Kf2 Rd8 56. Kg3 Rd2 57. Rc8 Rd1 58. Rf8+ Ke7 59. Rb8 Rg1+ 60. Kf2 Rd1 61. Rb7+ Rd7 62.
Rb8 Rd8 63. Rb7+ Kf6 64. Kg3 Rg8+ 65. Kf2 Rg7 66. Rb6 Rd7 67. Rb8 Ke7 68. Rb6 Rc7 69. Rb8 Kd7 70. Rb6 Rc6 71. Rb8 Kd6 72. Rd8+ Kc5 73. Rd2 Rd6 74. Rc2+ Kb4 75. Rc8 Kb5 76. Kg3 Rc6 77. Re8 Kc4 78. Rd8 Kc5 79. Rd1 Rd6 80.
Rc1+ Kd4 81. Rd1+ Kc5 82. Rc1+ Kb5 83. Rb1+ Kc4 84. Rc1+ Kb3 85. Rb1+ Kc2 86. Re1 Kd2 87. Re5 Kd3 88. Kf2 Kd4 89. Kg3 Ra6 90. Kf2 Rb6 91. Kg3 Kd3 92. Kg2 Rb4 93. Kg3 Rb6 94. Kf2 Kd2 95. Kg3 1/2-1/2

[Event "Late-Titled-Tuesday-Blitz-January-30-2024"]
[Site "Chess.com"]
[Date "2024.01.30"]
[Round "9"]
[White "SantoBlue"]
[Black "Njal28"]
[Result "1-0"]
[WhiteElo "3003"]
[BlackElo "3048"]
[TimeControl "180+1"]
[EndTime "15:45:05 PST"]
[Termination "SantoBlue won on time"]

1. e4 c5 2. Nf3 d6 3. Bb5+ Bd7 4.
Bxd7+ Qxd7 5. O-O Nf6 6. Qe2 Nc6 7. b3 e5 8. c4 Be7 9. Nc3 O-O 10. d3 Kh8 11. Bg5 Ng8 12. Be3 f5 13. exf5 Rxf5 14.
Nd2 Raf8 15. Nde4 Bd8 16. Nd5 Nge7 17. Nxe7 Bxe7 18. f3 b6 19. g3 d5 20. cxd5 Qxd5 21.
Rae1 Rd8 22. Rd1 h6 23. Qg2 Rff8 24. Qh3 Qd7 25. Qg2 Qe6 26. h4 Nb4 27. Qe2 Rd7 28.
h5 Rfd8 29. Nf2 Qf7 30. g4 Bh4 31. Ne4 Nxd3 32. Rd2 Nf4 33. Bxf4 Qxf4 34. Rxd7 Rxd7 35. Rd1 Rd4 36. Kg2 Be7 37. Nf2 Bh4 38. Ne4 Be7 39. Nf2 Rxd1 40. Qxd1 Qd4 41. Qe2 Bg5 42.
Qa6 Qd7 43. Ne4 Be3 44. Qe2 Bf4 45. Qc2 Qd4 46. Nf2 b5 47. Qg6 Qd7 48. Ne4 c4 49.
bxc4 bxc4 50. Kh3 Qc7 51. Nc3 Qe7 52. Nd5 Qd8 53. Qf7 Bg5 54. Qe6 Bf6 55. Qc6 Qa5 56.
Qc8+ 1-0

[Event "Late-Titled-Tuesday-Blitz-January-30-2024"]
[Site "Chess.com"]
[Date "2024.01.30"]
[Round "9"]
[White "SmirnovTimofey2000"]
[Black "BeardedNM"]
[Result "1-0"]
[WhiteElo "1963"]
[BlackElo "2174"]
[TimeControl "180+1"]
[EndTime "15:45:05 PST"]
[Termination "SmirnovTimofey2000 won by resignation"]

1. e4 e6 2. d4 d5 3. Nc3 Bb4 4. Ne2 dxe4 5. a3 Be7 6. Nxe4 Nf6 7. N2c3 Nc6 8. Be3 O-O 9. Qd2 e5 10. d5 Nxe4 11. Nxe4 Nb8 12. O-O-O f5 13. d6 cxd6 14. Nxd6 Bxd6 15. Qxd6 Qxd6 16. Rxd6 f4 17. Bc4+ Kh8 18. Bc5 Nd7 19. Rd5 Nxc5 20. Rxc5 e4 21. Rd1 Bf5 22. Rc7 Rac8 23. Rf7 Rxf7 24. Bxf7 e3 25. c3 exf2 26. Rf1 Rf8 27. Bd5 b6 28. Rxf2 g5 29. g3 fxg3 30.
hxg3 Kg7 31. Bb3 Bg6 32. Rd2 Bf7 33. Rd7 Kf6 34. Bxf7 Rxf7 35. Rxf7+ Kxf7 36. Kd2 Ke6 37. Ke3 Ke5 38. g4 Kf6 39. c4 Kg6 40. b4 h5 41.
c5 bxc5 42. bxc5 hxg4 43. c6 g3 44. Kf3 a5 45. c7 a4 46. c8=Q g2 47. Kxg2 Kh5 48.
Qc1 g4 49. Qd1 Kg5 50. Qxa4 Kh4 51. Qb4 Kg5 52. a4 Kh5 53. a5 Kg5 54. a6 1-0

[Event "Late-Titled-Tuesday-Blitz-January-30-2024"]
[Site "Chess.com"]
[Date "2024.01.30"]
[Round "9"]
[White "TanitoluwaAps116"]
[Black "Binary010"]
[Result "1-0"]
[WhiteElo "2738"]
[BlackElo "2891"]
[TimeControl "180+1"]
[EndTime "15:45:07 PST"]
[Termination "TanitoluwaAps116 won by resignation"]

1. e4 e5 2. Nf3 Nc6 3. Bc4 Nf6 4. d3 Bc5 5. O-O d6 6. c3 a5 7. Nbd2 O-O 8. h3 h6 9. Re1 Be6 10. Bb5 Nd7 11. Nf1 d5 12. Be3 d4 13. cxd4 exd4 14.
Bf4 Bb6 15. Bxc6 bxc6 16. a3 a4 17. Ng3 Nc5 18. Rc1 Bb3 19. Qe2 Ne6 20. Bd2 c5 21.
Ne5 Qf6 22. Nd7 Qg6 23. Nxf8 Rxf8 24. Nf5 Kh7 25. Ne7 Qf6 26. Nd5 Qd8 27. f4 c4 28. f5 cxd3 29. Qg4 Nc5 30. f6 Rg8 31. Ne7 Be6 32. Qh5 Nb3 33. fxg7 Nxd2 34. Nxg8 Qxg8 35. Rc6 Qxg7 36. Rxe6 fxe6 37. Rd1 Nxe4 38. Rxd3 Nf6 39. Qe5 Nd5 40. Qxe6 Ne3 41. Qe4+ Qg6 42. Qe7+ Qg7 43. Qe4+ Kg8 44. Qe8+ Qf8 45. Qg6+ Kh8 46. Rd2 Qf1+ 47. Kh2 Qf4+ 48. Kg1 Qf1+ 49. Kh2 Qf4+ 50. Kg1 Qe5 51. Rf2 Qe7 52. Qxh6+ Kg8 53. Qg6+ Kh8 54. Rf7 Qxf7 55. Qxf7 d3 56. Qe8+ Kg7 57. Qd7+ 1-0

[Event "Late-Titled-Tuesday-Blitz-January-30-2024"]
[Site "Chess.com"]
[Date "2024.01.30"]
[Round "9"]
[White "rdarruda"]
[Black "Anar_Aliakbarov"]
[Result "1-0"]
[WhiteElo "2555"]
[BlackElo "2642"]
[TimeControl "180+1"]
[EndTime "15:45:07 PST"]
[Termination "rdarruda won by checkmate"]

1. d4 d5 2. Nf3 Nf6 3. c4 e6 4. Nc3 Bb4 5. e3 O-O 6. Bd3 dxc4 7. Bxc4 c5 8. O-O Nc6 9. a3 Bxc3 10. bxc3 Qc7 11. Qe2 e5 12. dxe5 Nxe5 13. Nxe5 Qxe5 14. Bb2 Ng4 15. g3 Qh5 16. h4 g5 17. Kg2 gxh4 18.
Rh1 h3+ 19. Rxh3 Nxe3+ 20. Qxe3 Bxh3+ 21. Kg1 Rad8 22. Be2 Bg4 23. Bxg4 Qxg4 24. c4 Rfe8 25. Qxc5 b6 26. Qc7 Rd2 27. Bc3 Rc2 28. Be5 Qf3 29.
Bd4 Qe4 30. Be3 Rxc4 31. Qxa7 b5 32. Re1 Qc6 33. Qa5 Rce4 34. Qd2 R4e5 35. Qd4 Re4 36. Qd1 Qe6 37. Qh5 Qg6 38. Qxb5 R4e5 39. Qc4 h5 40. Qd4 Kh7 41. Qf4 Re4 42. Qf3 R8e5 43.
Kg2 h4 44. Rh1 Kg8 45. Kf1 hxg3 46. Rg1 Rg4 47. Qa8+ Kh7 48. Rh1+ Rh5 49. Rxh5+ Qxh5 50. fxg3 Rxg3 51. Qe4+ Qg6 52. Qh4+ Kg8 53. Bd4 Qf5+ 54. Ke1 Qe6+ 55. Kd2 Qg4 56. Qh8# 1-0

[Event "Late-Titled-Tuesday-Blitz-January-30-2024"]
[Site "Chess.com"]
[Date "2024.01.30"]
[Round "9"]
[White "jinxy2009"]
[Black "Flaccidmoves"]
[Result "1-0"]
[WhiteElo "2245"]
[BlackElo "2434"]
[TimeControl "180+1"]
[EndTime "15:45:07 PST"]
[Termination "jinxy2009 won on time"]

1. e4 Nf6 2. e5 Nd5 3. c4 Nb6 4. d4 d6 5. exd6 exd6 6. Nc3 Bf5 7. Bd3 Bxd3 8. Qxd3 Be7 9. Nge2 O-O 10. O-O Nc6 11. Be3 d5 12. c5 Nc4 13. b3 Nxe3 14. Qxe3 Bf6 15. Rad1 Ne7 16. Qf3 c6 17. Ng3 Qd7 18.
Nh5 Bg5 19. Qg3 Qf5 20. f4 Bh6 21. Qf3 Ng6 22. g4 Qd7 23. g5 Nh4 24. Qg3 Nf5 25. Qg4 Kh8 26. gxh6 gxh6 27. Kh1 Rg8 28. Qh3 Ng3+ 29.
Qxg3 Rxg3 30. Nxg3 Rg8 31. f5 f6 32. Rde1 Re8 33. Nh5 Rxe1 34. Rxe1 Qf7 35. Nf4 h5 36. Re6 Kg7 37. Nce2 Qc7 38. Nxh5+ Kh6 39. Neg3 Qa5 40. Rxf6+ Kg5 41. Rf7 Qe1+ 42. Kg2 Qd2+ 43. Kh3 Qxd4 44.
Rg7+ Kh6 45. f6 Qf2 46. f7 d4 47. Rg8 d3 48. f8=Q+ 1-0